AoeStats
← Bandolero

Arabia

507785063Analyzed
1v1 RM · 13d ago on Sep 19, 2026· 47m 15s· 2 players
Game mode
Random Map
Map size
Tiny (2 player)
Population
200
Speed
Normal
Resources
Standard
Victory
Conquest
Starting age
Dark Age
Ending age
Imperial Age
RankedLock teamsTeams togetherTeam positionsShared explorationLock speedFull tech treeHidden civsTurbo modeCheats
Victory
Defeat
🇦🇷 Maya · Argentina
1375
+19
🇧🇷 Vietnamese · Brazil
1446
-19
Capitão T
6:52 Loom
9:40 Feudal Age
10:55 Double-Bit Axe
10:51 Horse Collar
13:40 Fletching
16:25 Padded Archer Armor
16:52 Town Watch
22:25 Castle Age
21:27 Bloodlines
21:50 Scale Barding Armor
22:38 Forging
22:32 Elite Skirmisher
23:36 Husbandry
24:58 Bow Saw
32:30 Chain Barding Armor
33:18 Wheelbarrow
32:54 Stone Mining
32:58 Gold Mining
39:42 Imperial Age
36:39 Crossbowman
38:16 Thumb Ring
39:10 Bodkin Arrow
40:17 Leather Archer Armor
40:29 Ballistics
39:53 Imperial Skirmisher
41:43 Bracer
42:35 Ring Archer Armor
44:23 Chemistry
44:37 Scale Mail Armor
44:28 Man-at-Arms
46:11 Chain Mail Armor
45:36 Long Swordsman
Bandolero
0:26 Loom
10:07 Feudal Age
10:42 Double-Bit Axe
14:33 Fletching
22:17 Castle Age
20:41 Gold Mining
21:03 Scale Mail Armor
22:12 Forging
22:29 Eagle Warrior
23:28 Crossbowman
28:30 Wheelbarrow
29:09 Town Watch
31:03 Bodkin Arrow
32:19 Padded Archer Armor
33:56 Leather Archer Armor
34:50 Bow Saw
37:46 Imperial Age
35:34 Stone Mining
36:12 Ballistics
36:53 Thumb Ring
37:19 Hand Cart
37:53 Arbalester
38:35 Bracer
39:06 Ring Archer Armor
40:32 Stone Shaft Mining
39:42 Horse Collar
41:38 Chemistry
41:28 Conscription
42:25 Elite Eagle Warrior
43:06 Squires
43:39 Holcans
43:39 Chain Mail Armor
43:59 Iron Casting
45:06 Plate Mail Armor
47:26 Blast Furnace
Connection lost

Rejoining the realm…

Still unreachable

The connection could not be restored.

Session expired

The server has moved on; the page needs a fresh start.